 Dungeon Crawl Stone Soup version 0.23.2 (webtiles) character file.

Game seed: 8306647466193912402

348091 Borgoz the Warrior (level 22, -3/146 HPs)
             Began as a Gargoyle Gladiator on Apr 10, 2019.
             Was the Champion of Ashenzari.
             Slain by a vault warden
             ... wielding a +0 war axe
              (36 damage)
             ... on level 3 of the Vaults.
             The game lasted 04:16:12 (54583 turns).

Borgoz the Warrior (Gargoyle Gladiator)            Turns: 54583, Time: 04:16:14

Health: -3/146     AC: 33    Str: 33    XL:     22   Next: 16%
Magic:  29/29      EV: 26    Int: 18    God:    Ashenzari [******]
Gold:   2001       SH:  0    Dex: 22    Spells: 18/31 levels left

rFire    . . .     SeeInvis +   b - +7 quick blade (protect)
rCold    . . .     Gourm    .   (no shield)
rNeg     + . .     Faith    .   u - +2 ring mail {rC+}
rPois    ∞         Spirit   .   Y - +2 helmet {Int+3}
rElec    +         Reflect  .   Z - scarf {repulsion}
rCorr    .         Harm     .   (no gloves)
MR       +++..     Clarity  +   p - +0 pair of boots
Stlth    ++++......             i - amulet of rage
HPRegen  0.34/turn              V - ring "Asamist" {MR+ Str+3 Int+5}
MPRegen  0.21/turn              r - ring of Lokkucs {rElec rC- MR+ Str+5 Dex+4}

@: mighty, berserk cooldown, flying, very slightly contaminated, slowed,
invisible, repel missiles, very slow
A: big wings, negative energy resistance 1, electricity resistance, unbreathing,
petrification resistance, rot immunity, AC +16
}: 2/15 runes: barnacled, gossamer
a: Stop Flying, Curse Item, Scrying, Transfer Knowledge, Renounce Religion,
Evoke Berserk Rage


You were on level 3 of the Vaults.
You worshipped Ashenzari.
Ashenzari was exalted by your worship.
You were very hungry.

You visited 8 branches of the dungeon, and saw 38 of its levels.
You visited the Abyss 1 time.
You also visited: Ice Cave and Desolation.

You collected 4253 gold pieces.
You spent 2252 gold pieces at shops.

Inventory:

Hand Weapons
 a - a +2 rapier of electrocution
 b - a +7 quick blade of protection (weapon)
 M - a +4 rapier of freezing
Missiles
 e - 8 throwing nets (quivered)
 B - 196 bolts
Armour
 o - a +1 ring mail of fire resistance
 p - a +0 pair of boots (worn)
 u - a +2 ring mail of cold resistance (worn)
 I - the +4 chain mail "Gelunug" {rF+}
   (You bought it in a shop on level 2 of the Vaults)

   It protects you from fire.
 N - the +0 pair of gloves of Watchfulness {rC- rN+ MR++ Dex+3}
   (You found it on level 2 of the Shoals)

   It affects your dexterity (+3).
   It makes you vulnerable to cold.
   It protects you from negative energy.
   It affects your resistance to hostile enchantments.
 Q - a +1 shield of cold resistance
 Y - a +2 helmet of intelligence (worn)
 Z - a scarf of repulsion (worn)
Jewellery
 i - an amulet of rage (around neck)
 k - a +3 ring of dexterity
 l - an uncursed ring of protection from cold
 r - the ring of Lokkucs (right hand) {rElec rC- MR+ Str+5 Dex+4}
   (You found it on level 6 of the Lair of Beasts)

   [ring of strength]

   It affects your strength (+5).
   It affects your dexterity (+4).
   It makes you vulnerable to cold.
   It insulates you from electricity.
   It affects your resistance to hostile enchantments.
 A - an uncursed ring of resist corrosion
 D - an uncursed ring of protection from fire
 U - an uncursed amulet of guardian spirit
 V - the ring "Asamist" (left hand) {MR+ Str+3 Int+5}
   (You took it off a deep elf demonologist on level 3 of the Elven Halls)

   [ring of intelligence]

   It affects your strength (+3).
   It affects your intelligence (+5).
   It affects your resistance to hostile enchantments.
Wands
 d - a wand of iceblast (19)
 h - a wand of disintegration (24)
 C - a wand of paralysis (16)
 G - a wand of scattershot (15)
 H - a wand of polymorph (17)
 R - a wand of digging (3)
 W - a wand of acid (8)
Scrolls
 c - a scroll of holy word
 g - 20 scrolls of remove curse
 s - 6 scrolls of magic mapping
 t - a scroll of fog
 v - 2 scrolls of identify
 w - 4 scrolls of fear
 y - 10 scrolls of teleportation
 E - a scroll of silence
 F - 6 scrolls of blinking
Potions
 j - 11 potions of curing
 m - 5 potions of ambrosia
 n - 3 potions of cancellation
 q - a potion of magic
 z - 2 potions of resistance
 K - a potion of might
 L - 4 potions of haste
 O - 3 potions of agility
 P - a potion of invisibility
Comestibles
 f - 42 rations


   Skills:
 + Level 17.6 Fighting
 * Level 16.3 Short Blades
 - Level 1.7 Throwing
 + Level 17.5 Armour
 * Level 15.9 Dodging
 - Level 10.0 Stealth
 + Level 7.9 Shields
 - Level 5.0 Spellcasting
 - Level 10.0 Hexes
 + Level 8.3 Evocations


You had 18 spell levels left.
You knew the following spells:

 Your Spells              Type           Power        Failure   Level  Hunger
a - Confusing Touch       Hex            #####.       1%          1    None
b - Invisibility          Hex            #####...     38%         6    #######
c - Confuse               Hex            #####...     1%          3    ##.....
d - Regeneration          Chrm/Necr      #.........   43%         3    ##.....

Your spell library contained the following spells:

 Spells                   Type           Power        Failure   Level  Hunger
 Ensorcelled Hibernation  Hex/Ice        ###...       3%          2    #......
 Dazzling Spray           Conj/Hex       ###...       6%          3    ##.....
 Inner Flame              Hex/Fire       ###.....     6%          3    ##.....
 Spectral Weapon          Hex/Chrm       ###.....     6%          3    ##.....
 Summon Guardian Golem    Hex/Summ       ###.....     6%          3    ##.....
 Animate Skeleton         Necr           N/A          16%         1    None
 Apportation              Tloc           #.....       16%         1    None
 Flame Tongue             Conj/Fire      #....        16%         1    None
 Infusion                 Chrm           #...         16%         1    None
 Magic Dart               Conj           #...         16%         1    None
 Shock                    Conj/Air       #...         16%         1    None
 Summon Butterflies       Summ           #.......     16%         1    None
 Summon Small Mammal      Summ           #...         16%         1    None
 Fulminant Prism          Conj/Hex       ###.......   21%         4    ####...
 Leda's Liquefaction      Hex/Erth       ###.......   21%         4    ####...
 Call Imp                 Summ           #.......     24%         2    #......
 Passwall                 Tmut/Erth      #.......     24%         2    #......
 Searing Ray              Conj           #.....       24%         2    #......
 Shroud of Golubria       Chrm/Tloc      #.........   24%         2    #......
 Song of Slaying          Chrm           #.......     24%         2    #......
 Swiftness                Chrm/Air       #.......     24%         2    #......
 Throw Flame              Conj/Fire      #.....       24%         2    #......
 Throw Frost              Conj/Ice       #.....       24%         2    #......
 Darkness                 Hex            #####.....   38%         6    #######
 Call Canine Familiar     Summ           #.......     43%         3    ##.....
 Conjure Flame            Conj/Fire      #.......     43%         3    ##.....
 Gell's Gravitas          Tloc           #.........   43%         3    ##.....
 Static Discharge         Conj/Air       #.......     43%         3    ##.....
 Metabolic Englaciation   Hex/Ice        ###.......   50%         5    ######.
 Summon Mana Viper        Hex/Summ       ###.....     50%         5    ######.
 Yara's Violent Unravell  Hex/Tmut       ###.......   50%         5    ######.
 Airstrike                Air            #.........   85%         4    ####...
 Animate Dead             Necr           N/A          85%         4    ####...
 Force Lance              Conj/Tloc      #.......     85%         4    ####...
 Iskenderun's Mystic Bla  Conj           #.......     85%         4    ####...
 Passage of Golubria      Tloc           N/A          85%         4    ####...
 Petrify                  Tmut/Erth      #.......     85%         4    ####...
 Sticky Flame             Conj/Fire      #.......     85%         4    ####...
 Summon Ice Beast         Ice/Summ       #.......     85%         4    ####...
 Summon Lightning Spire   Summ/Air       #.......     85%         4    ####...
 Fireball                 Conj/Fire      #.........   99%         5    ######.
 Lee's Rapid Deconstruct  Erth           #.........   99%         5    ######.
 Lightning Bolt           Conj/Air       #.........   99%         5    ######.
 Bolt of Cold             Conj/Ice       #.........   100%        6    #######
 Freezing Cloud           Conj/Ice/Air   #.........   100%        6    #######
 Iron Shot                Conj/Erth      #.........   100%        6    #######
 Shadow Creatures         Summ           N/A          100%        6    #######
 Spellforged Servitor     Conj/Summ      #.........   100%        7    #######
 Summon Hydra             Summ           #.........   100%        7    #######
 Shatter                  Erth           #.........   100%        9    #######


Dungeon Overview and Level Annotations

Branches:
Dungeon (15/15)            Temple (1/1) D:7            Lair (6/6) D:8
 Shoals (4/4) Lair:3       Spider (4/4) Lair:2        Slime (0/5) Lair:6
    Orc (2/2) D:12            Elf (3/3) Orc:2        Vaults (3/5) D:13
  Crypt (0/3) Vaults:2     Depths (0/5) D:15

Altars:
Ashenzari
Cheibriados
Dithmenos
Elyvilon
Fedhas
Gozag
Hepliaklqana
Kikubaaqudgha
Makhleb
Nemelex Xobeh
Okawaru
Qazlal
Ru
Sif Muna
Trog
Uskayaw
Vehumet
Wu Jian
Xom
Yredelemnul
Zin
The Shining One
Beogh
Jiyva

Shops:
D:5 *   D:7 (   D:9 %   D:11 !   D:15 %   Orc:2 %=!=   Elf:1 *   Elf:2 (
Vaults:1 [   Vaults:2 *!*   Vaults:3 [


Innate Abilities, Weirdness & Mutations

You are resistant to torment.
Your stone body is resilient. (AC +16)
You are immune to poison.
Your large and strong wings let you fly indefinitely.
You resist negative energy. (rN+)
You are resistant to electric shocks. (rElec)
You can survive without breathing.
You are immune to petrification.
You are immune to rotting.


Message History

You feel very mighty all of a sudden.
The yaktaur shoots a bolt.
The bolt hits the ironbrand convoker!!
A deep troll comes into view.
The deep troll completely misses you. The deep troll misses you.
The deep troll claws you but does no damage.
The vault warden hits you with a +0 war axe.
* * * LOW HITPOINT WARNING * * *
The vault sentinel blows a loud note on a signal horn!
The yaktaur shoots a bolt.
The bolt misses the vault sentinel.
The bolt barely misses the vault warden.
The bolt closely misses you.
The deep troll shouts!
You hear a horrible gurgling sound!
You feel much better.
The vault sentinel blows a loud note on a signal horn!
The deep troll bites you!
* * * LOW HITPOINT WARNING * * *
The deep troll completely misses you. x2
The ironbrand convoker completely misses you.
The vault warden hits you with a +0 war axe!!!
You die...

,* * ,, #........# * * * ****
##########''##+### ,,, , ,, ,
,.................# , , , ,,
.................# ,,
,,,.................## * , ,
.................#. * , ,,,
##########......(...#.
..#........#(...(.(.#..........#.
..#........#....@p..#..........#.
..#........#...Tp...#...∩......'.
..#........#...ep...#..........'.
§.#........#...)c...#..........##
..#.......(#..).....#..........#
)O#........####p#####..........#
)e'.(....{...[TE{{..)).........#
###.....(....{c(○(.()).........#
..........(........))..........#


You could see a vault warden, 2 deep trolls, 2 vault sentinels, an ironbrand
convoker, a yaktaur, a yaktaur shaped shifter, a deep elf mage and a fire
elemental.

Vanquished Creatures
  Mara (Spider:3)
  Bai Suzhen (Shoals:4)
  A titan (Shoals:3)
  2 deep elf blademasters (Elf:3)
  2 deep elf master archers (Elf:3)
  Frances (Elf:1)
  Polyphemus (Shoals:4)
  An ancient champion (Vaults:2)
  Donald (Elf:1)
  Roxanne (D:15)
  6 deep elf sorcerers
  4 vault wardens
  The ghost of Estuf the Thaumaturge, an adept GrIE of Vehumet (Shoals:2)
  A frost giant (Shoals:3)
  2 emperor scorpions (Spider:4)
  Louise (Shoals:4)
  4 deep elf elementalists (Elf:3)
  A ghoul (Vaults:2)
  6 ghost moths
  9 ironheart preservers
  A very ugly thing (Vaults:2)
  3 stone giants
  3 entropy weavers
  7 deep elf demonologists
  A dire elephant (shapeshifter) (D:15)
  The ghost of cklessthan3 the Blocker, a journeyman GnFi of Qazlal (Lair:1)
  A halazid warlock (Desolation)
  9 deep elf annihilators
  5 spark wasps
  7 deep elf death magi
  Snorg (Orc:1)
  3 merfolk javelineers
  2 deep elf high priests (Elf:3)
  A fire dragon (Vaults:2)
  10 merfolk impalers
  6 ragged hierophants (Desolation)
  2 crystal guardians (Desolation)
  5 vault guards
  2 yaktaur captains (Vaults:3)
  2 great orbs of eyes (Vaults:2)
  A rakshasa (D:15)
  7 servants of whispers (Desolation)
  6 hydras
  Harold (Lair:2)
  A catoblepas (Shoals:4)
  7 centaur warriors
  9 peacekeepers
  5 death knights
  An alligator snapping turtle (Shoals:2)
  24 dancing weapons
  2 merfolk aquamancers (Shoals:4)
  8 orc high priests
  7 ogre magi
  23 two-headed ogres
  3 death yaks (Shoals:4)
  A merfolk avatar (Shoals:3)
  2 satyrs (Shoals:4)
  2 small abominations (Elf:3)
  10 deep elf knights
  16 slime creatures
  A flayed ghost (Vaults:2)
  12 sea snakes
  The ghost of ThereIsNoGod the Destroyer, a novice TeVM of Vehumet (D:10)
  A glowing orange brain (Vaults:2)
  6 unseen horrors
  2 deep trolls (Vaults:3)
  5 wizards
  2 swamp dragons (Lair:4)
  15 deep elf archers
  20 harpies
  6 orc knights
  A wolf spider zombie (D:15)
  23 orb spiders
  5 orc sorcerers
  11 ironbrand convokers
  60 deep elf magi
  33 wolf spiders
  10 fauns
  4 oklob plants (Lair:5)
  22 manticores
  20 ugly things
  7 cyclopes
  13 elephants
  2 centaur zombies
  6 merfolk sirens
  9 vault sentinels
  5 black mambas
  Maurice (D:8)
  2 ice statues (IceCv)
  6 guardian serpents (Desolation)
  3 water nymphs
  3 torpor snails
  2 gargoyles
  Joseph (Lair:1)
  11 spiny frogs
  A spectral sea snake (Shoals:2)
  5 rime drakes
  10 yaktaurs
  A kobold demonologist (D:15)
  9 komodo dragons
  8 demonic crawlers
  A freezing wraith (Vaults:2)
  3 meliai (D:14)
  7 polar bears
  A jumping spider (shapeshifter) (D:13)
  39 jumping spiders
  2 hornets (shapeshifter)
  A meliai (shapeshifter) (Vaults:2)
  5 trolls
  A wolf spider simulacrum (D:15)
  9 hornets
  31 merfolk
  A spectral merfolk (Shoals:2)
  5 wind drakes
  Prince Ribbit (Lair:1)
  10 snapping turtles
  58 saltlings
  A hippogriff (shapeshifter) (Elf:3)
  7 blink frogs
  10 hippogriffs
  A spectral manticore (Shoals:2)
  3 dream sheep
  A flying skull (Vaults:2)
  A meliai zombie (D:15)
  26 tarantellas
  3 centaur simulacra
  11 spriggans
  A spriggan (shapeshifter) (D:15)
  A shadow (D:11)
  A spectral wind drake (Shoals:2)
  2 air elementals
  87 redbacks
  A yak (shapeshifter) (Vaults:2)
  15 yaks
  3 wraiths (Vaults:2)
  2 wyverns
  Eustachio (D:4)
  4 fire elementals
  7 water elementals
  3 basilisks
  A hog (shapeshifter) (Vaults:1)
  A fire bat (shapeshifter) (Vaults:1)
  A basilisk (shapeshifter) (Vaults:2)
  3 hungry ghosts
  5 vampire mosquitoes (D:13)
  A redback simulacrum (D:15)
  4 wargs
  A warg (shapeshifter) (D:15)
  A harpy simulacrum (Shoals:2)
  A soldier ant (D:11)
  2 acid dragons
  18 water moccasins
  Duvessa (D:6)
  6 porcupines
  2 sky beasts (D:12)
  6 black bears
  30 orc warriors
  17 ice beasts
  2 necrophages
  5 phantoms
  An ice beast (shapeshifter) (Elf:1)
  A satyr simulacrum (Shoals:2)
  16 boggarts
  An eye of draining (D:14)
  20 ogres
  10 centaurs
  A wind drake simulacrum (Shoals:2)
  21 wolves
  9 crocodiles
  3 big kobolds
  19 bullfrogs
  3 earth elementals
  3 merfolk simulacra (Shoals:2)
  A glowing shapeshifter simulacrum (Vaults:3)
  Dowan (D:6)
  4 scorpions
  A manticore simulacrum (Shoals:2)
  8 howler monkeys
  4 electric eels
  6 crimson imps
  2 quasits
  A yaktaur simulacrum (Vaults:1)
  4 jellies
  7 hounds
  20 orc wizards
  2 bullfrog skeletons
  35 orc priests
  A gnoll shaman (D:6)
  8 iguanas
  4 centaur skeletons
  Natasha (thrice) (D:4)
  3 hell rats (D:6)
  10 worker ants
  A statue (D:7)
  A bullfrog simulacrum (D:9)
  3 hound skeletons
  2 worker ant zombies
  10 adders
  14 gnolls
  4 river rats (D:6)
  2 shadow imps
  8 white imps
  A howler monkey simulacrum (D:10)
  3 ufetubi (D:9)
  An adder zombie (D:5)
  2 adder skeletons
  A worm (D:4)
  An adder simulacrum (D:9)
  6 leopard geckos
  125 orcs
  3 giant cockroaches
  A goblin (D:2)
  12 hobgoblins
  2 jackals (D:10)
  17 kobolds
  4 quokkas
  8 bats
  5 frilled lizards
  A jackal simulacrum (D:9)
  A jackal zombie (D:8)
  A quokka skeleton (D:4)
  20 rats
  2 butterflies (Lair:1)
  A crawling corpse (Elf:3)
  A plant (Lair:5)
  3 tentacles (Shoals:4)
1595 creatures vanquished.

Vanquished Creatures (others)
  A merfolk javelineer (Shoals:4)
  A dancing weapon (Elf:2)
  A deep elf knight (Vaults:3)
  An orb spider (Spider:1)
  A water nymph (Shoals:4)
  A demonic crawler (Spider:1)
  A jumping spider (Spider:1)
  A hornet (Spider:4)
  2 redbacks
  A water elemental (Elf:3)
  An orc wizard (Elf:1)
  An orc (Elf:1)
  A crawling corpse (Elf:3)
  6 fungi
  24 plants
  12 tentacles (Shoals:4)
56 creatures vanquished.

Grand Total: 1651 creatures vanquished

Notes
Turn   | Place    | Note
-------+----------+-------------------------------------------
     0 | D:1      | Borgoz the Gargoyle Gladiator began the quest for the Orb.
     0 | D:1      | Reached XP level 1. HP: 12/12 MP: 1/1
   401 | D:1      | Reached XP level 2. HP: 18/18 MP: 2/2
   782 | D:1      | Reached skill level 1 in Armour
  1068 | D:2      | Reached XP level 3. HP: 12/22 MP: 3/3
  1547 | D:2      | Found a sacrificial altar of Ru.
  1844 | D:3      | Reached XP level 4. HP: 25/28 MP: 4/4
  2127 | D:3      | Found a snail-covered altar of Cheibriados.
  2170 | D:3      | Found a deep blue altar of Sif Muna.
  2229 | D:3      | Found a shattered altar of Ashenzari.
  2253 | D:3      | Became a worshipper of Ashenzari the Shackled
  2378 | D:4      | Noticed a necrophage
  2384 | D:4      | Killed a necrophage
  2384 | D:4      | Reached XP level 5. HP: 32/32 MP: 5/5
  2438 | D:4      | Noticed an ogre
  2442 | D:4      | Killed an ogre
  2442 | D:4      | Reached XP level 6. HP: 38/38 MP: 6/6
  2743 | D:4      | Reached XP level 7. HP: 44/44 MP: 7/7
  2847 | D:4      | Noticed Eustachio
  2901 | D:4      | Killed Eustachio
  3076 | D:4      | Noticed Natasha
  3082 | D:4      | Killed Natasha
  3086 | D:4      | Reached skill level 5 in Fighting
  3268 | D:4      | Noticed Natasha
  3271 | D:4      | Killed Natasha
  3365 | D:4      | Noticed Natasha
  3378 | D:4      | Killed Natasha
  3499 | D:5      | Entered Level 5 of the Dungeon
  3539 | D:5      | Reached XP level 8. HP: 39/49 MP: 8/8
  3728 | D:5      | Reached skill level 5 in Short Blades
  3775 | D:5      | Reached skill level 5 in Armour
  4192 | D:5      | Found Refum's General Store.
  4201 | D:5      | Bought a scroll of teleportation for 39 gold pieces
  4201 | D:5      | Bought a scroll of identify for 26 gold pieces
  4406 | D:6      | Found a stormy altar of Qazlal.
  4536 | D:6      | Reached skill level 5 in Dodging
  4633 | D:6      | Reached XP level 9. HP: 38/56 MP: 9/9
  4959 | D:6      | Found the +2 ratskin cloak {+Rats rPois rN+ Str-1 Int-1
                  | Dex+1}
  5076 | D:6      | Found a shimmering altar of Xom.
  5294 | D:6      | Noticed Dowan
  5297 | D:6      | Noticed Duvessa
  5310 | D:6      | Killed Duvessa
  5315 | D:6      | Killed Dowan
  5396 | D:7      | Found Hawapin's Weapon Boutique.
  5478 | D:7      | Found a staircase to the Ecumenical Temple.
  5491 | D:7      | Reached * piety under Ashenzari
  5650 | D:7      | Found a radiant altar of Vehumet.
  6044 | D:8      | Noticed a hornet
  6065 | D:8      | Killed a hornet
  6499 | D:8      | Reached XP level 10. HP: 64/64 MP: 10/10
  6521 | D:8      | Found a staircase to the Lair.
  6860 | D:8      | Found a glowing golden altar of the Shining One.
  6861 | D:8      | Noticed a two-headed ogre
  6861 | D:8      | Noticed Maurice
  6884 | D:8      | Killed a two-headed ogre
  6901 | D:8      | Found an ancient bone altar of Kikubaaqudgha.
  6913 | D:8      | Killed Maurice
  7209 | D:8      | Found a white marble altar of Elyvilon.
  7216 | D:8      | Found a glowing silver altar of Zin.
  7352 | D:9      | Noticed a two-headed ogre
  7377 | D:8      | Killed a two-headed ogre
  7534 | D:9      | Reached XP level 11. HP: 71/71 MP: 11/11
  7563 | D:9      | Found Comp's Food Emporium.
  7990 | D:9      | Reached skill level 1 in Evocations
  8378 | D:9      | Got the quick blade of Checks and Balances {elec, Dex+6}
  8379 | D:9      | Identified the +1 quick blade of Checks and Balances {elec,
                  | Dex+6} (You found it on level 9 of the Dungeon)
  8448 | D:10     | Entered Level 10 of the Dungeon
  8570 | D:10     | Found a runed translucent gate.
  8570 | D:10     | Found a runed translucent gate.
  8570 | D:10     | Found a runed translucent gate.
  8598 | D:10     | Noticed ThereIsNoGod's ghost (novice TeVM)
  8818 | D:10     | Noticed a two-headed ogre
  8839 | D:10     | Killed a two-headed ogre
  9221 | D:11     | Noticed a two-headed ogre
  9235 | D:11     | Killed a two-headed ogre
  9239 | D:11     | Killed an unseen horror
  9283 | D:11     | Reached skill level 10 in Fighting
  9534 | D:11     | Found Zaotiamyu's Distillery.
  9539 | D:11     | Reached ** piety under Ashenzari
  9542 | D:11     | Bought a potion of berserk rage for 65 gold pieces
  9878 | D:12     | Noticed a manticore
  9887 | D:12     | Killed a manticore
 10044 | D:12     | Found a staircase to the Orcish Mines.
 10224 | D:12     | Noticed a deep elf mage
 10233 | D:12     | Killed a deep elf mage
 10233 | D:12     | Reached skill level 10 in Armour
 10337 | D:12     | Reached XP level 12. HP: 68/78 MP: 14/14
 10501 | D:12     | Found a deep blue altar of Sif Muna.
 11606 | D:13     | Noticed a centaur warrior
 11619 | D:13     | Noticed a death knight
 11639 | D:13     | Killed a centaur warrior
 11719 | D:13     | Killed a death knight
 11719 | D:13     | Reached skill level 5 in Evocations
 11881 | D:13     | Noticed a centaur warrior
 11903 | D:13     | Killed a centaur warrior
 11903 | D:13     | Reached skill level 1 in Stealth
 12044 | D:13     | Found a gate to the Vaults.
 12044 | D:13     | Noticed a vault guard
 12063 | D:13     | Killed a vault guard
 12095 | D:13     | Noticed a centaur warrior
 12113 | D:13     | Killed a centaur warrior
 12478 | D:14     | Reached XP level 13. HP: 67/84 MP: 16/16
 12499 | D:14     | Reached skill level 10 in Short Blades
 12627 | D:14     | Reached skill level 1 in Spellcasting
 12759 | D:14     | Reached *** piety under Ashenzari
 13201 | D:15     | Entered Level 15 of the Dungeon
 13212 | D:15     | Got the uncursed leather armour of the Maze {rF- Str+3
                  | Int+3}
 13287 | D:15     | Noticed a rakshasa
 13319 | D:15     | Reached skill level 5 in Stealth
 13485 | D:15     | Noticed Roxanne
 13756 | D:15     | Found Topiu's Food Emporium.
 14055 | Lair:1   | Entered Level 1 of the Lair of Beasts
 14079 | Lair:1   | Identified the +2 leather armour of the Maze {rF- Str+3
                  | Int+3} (You found it on level 15 of the Dungeon)
 14175 | Lair:1   | Noticed Joseph
 14188 | Lair:1   | Killed Joseph
 14267 | Lair:1   | Found a large runed translucent door.
 14267 | Lair:1   | Found a large runed translucent door.
 14280 | Lair:1   | Got the cursed robe of Defiance {Stlth+}
 14328 | Lair:1   | Noticed cklessthan3's ghost (journeyman GnFi)
 14337 | Lair:1   | Noticed Prince Ribbit
 14397 | Lair:1   | Reached **** piety under Ashenzari
 14459 | Lair:1   | Killed Prince Ribbit
 14916 | Lair:2   | Noticed Harold
 14932 | Lair:2   | Killed Harold
 14932 | Lair:2   | Gained mutation: Your large and strong wings let you fly
                  | indefinitely. [Gargoyle growth]
 14932 | Lair:2   | Reached XP level 14. HP: 92/92 MP: 19/19
 15149 | Lair:2   | Found a hole to the Spider Nest.
 15157 | Lair:2   | Reached skill level 10 in Dodging
 15661 | Lair:3   | Found a staircase to the Shoals.
 16051 | Lair:3   | Reached ***** piety under Ashenzari
 16573 | Lair:4   | Found a transporter.
 16574 | Lair:4   | Found the +3 crown of Dyrovepreva {rElec Int+2 SInv}
 16973 | Lair:4   | Found a transporter.
 17473 | Lair:5   | Found a frozen archway.
 17485 | IceCv    | Entered an ice cave
 17486 | IceCv    | Found a transporter.
 17517 | IceCv    | Reached skill level 5 in Spellcasting
 17579 | IceCv    | Found a transporter.
 17842 | Lair:5   | Learned a level 6 spell: Invisibility
 18649 | Lair:6   | Entered Level 6 of the Lair of Beasts
 18785 | Lair:6   | Reached XP level 15. HP: 98/98 MP: 22/22
 19151 | Lair:6   | Identified the ring of Lokkucs {rElec rC- MR+ Str+5 Dex+4}
 19302 | Lair:6   | Found a staircase to the Slime Pits.
 19302 | Lair:6   | Found a viscous altar of Jiyva.
 20314 | Lair:1   | Killed cklessthan3's ghost
 20853 | D:10     | Killed ThereIsNoGod's ghost
 21386 | D:15     | Noticed a fire giant
 21387 | D:15     | a fire giant changed into an alligator snapping turtle
 21577 | D:15     | Killed Roxanne
 21707 | D:15     | Found a staircase to the Depths.
 21808 | Orc:1    | Entered Level 1 of the Orcish Mines
 21808 | Orc:1    | Found a roughly hewn altar of Beogh.
 21808 | Orc:1    | Noticed Snorg
 21817 | Orc:1    | Killed Snorg
 21919 | Orc:2    | Entered Level 2 of the Orcish Mines
 22070 | Orc:2    | Found a staircase to the Elven Halls.
 22171 | Orc:2    | Found a roughly hewn altar of Beogh.
 22404 | Orc:2    | Found Ihebryoco's Jewellery Shoppe.
 22460 | Orc:2    | Found Sewiu's Food Shop.
 22607 | Orc:2    | Found Raepur's Distillery.
 22636 | Orc:2    | Found Ofynekhle's Jewellery Shoppe.
 23557 | D:5      | Bought a +5 quick blade for 546 gold pieces
 23610 | Temple   | Entered the Ecumenical Temple
 23711 | D:11     | Bought a potion of heal wounds for 65 gold pieces
 23711 | D:11     | Bought a potion of heal wounds for 65 gold pieces
 23900 | Shoals:1 | Entered Level 1 of the Shoals
 24092 | Shoals:1 | Reached ****** piety under Ashenzari
 24179 | Shoals:1 | Reached XP level 16. HP: 61/105 MP: 23/23
 25028 | Shoals:2 | Reached skill level 1 in Hexes
 25040 | Shoals:2 | Found a runed translucent gate.
 25040 | Shoals:2 | Found a runed translucent gate.
 25040 | Shoals:2 | Found a runed translucent gate.
 25041 | Shoals:2 | Noticed Estuf's ghost (adept GrIE)
 25108 | Shoals:2 | Killed Estuf's ghost
 25138 | Shoals:2 | Got the uncursed pair of gloves of Watchfulness {rC- rN+
                  | MR++ Dex+3}
 25139 | Shoals:2 | Identified the Catalogue of the Doomed Rocks
 25904 | Shoals:2 | Reached skill level 10 in Stealth
 26306 | Shoals:3 | Learned a level 1 spell: Confusing Touch
 26310 | Shoals:3 | Learned a level 3 spell: Confuse
 26733 | Shoals:3 | Noticed a titan
 26904 | Shoals:3 | Got the mace of Conscience {drain, rElec Dex-4 SInv}
 27232 | Shoals:3 | Killed a titan
 27327 | Shoals:3 | Got the uncursed plate armour of Iwkuny {rPois Str-4 Int+7
                  | Dex+2}
 27388 | Shoals:4 | Entered Level 4 of the Shoals
 27668 | Shoals:4 | Reached XP level 17. HP: 86/112 MP: 18/24
 27804 | Shoals:4 | Noticed Bai Suzhen
 27822 | Shoals:4 | Killed Bai Suzhen
 28015 | Shoals:4 | Noticed Louise
 28035 | Shoals:4 | Cast into level 2 of the Abyss (Louise)
 28067 | Shoals:4 | Escaped the Abyss
 28114 | Shoals:4 | Reached skill level 5 in Hexes
 28137 | Shoals:4 | Killed Louise
 28255 | Shoals:4 | Identified the +1 robe of Makhleb's Regard {rPois rC++
                  | Str+3 Int-2}
 28366 | Shoals:4 | Noticed a kraken
 28511 | Shoals:4 | Reached skill level 15 in Fighting
 28649 | Shoals:4 | Got the cursed cloak of Nutriafi {rPois MR- Str-5 Dex+8}
 28967 | Shoals:4 | Reached skill level 15 in Armour
 29090 | Shoals:4 | Got a barnacled rune of Zot
 29230 | Shoals:4 | Noticed Polyphemus
 29260 | Shoals:4 | Killed Polyphemus
 29492 | Lair:1   | Identified the +0 pair of gloves of Watchfulness {rC- rN+
                  | MR++ Dex+3} (You found it on level 2 of the Shoals)
 29652 | Orc:2    | Bought a potion of invisibility for 104 gold pieces
 29652 | Orc:2    | Bought a potion of heal wounds for 65 gold pieces
 29652 | Orc:2    | Bought a potion of invisibility for 104 gold pieces
 29693 | Orc:2    | Bought an uncursed ring of protection from cold for 450
                  | gold pieces
 29713 | Elf:1    | Entered Level 1 of the Elven Halls
 29812 | Elf:1    | Found Rureq's Assorted Antiques.
 29821 | Elf:1    | Bought a potion of berserk rage for 95 gold pieces
 29966 | Elf:1    | Noticed Frances
 29992 | Elf:1    | Noticed Donald
 29997 | Elf:1    | Killed Donald
 30089 | Elf:1    | Noticed an Executioner
 30210 | Elf:1    | Identified the Volume of Creation
 30862 | Elf:1    | Reached XP level 18. HP: 118/119 MP: 25/25
 31107 | Elf:1    | Found a radiant altar of Vehumet.
 31639 | Elf:1    | Killed Frances
 31920 | Elf:2    | Found Ammeggev's Weapon Shoppe.
 32119 | Elf:2    | Got the uncursed scale mail of Paranoia {rN+ rCorr Int+4}
 32130 | Elf:2    | Identified the +3 scale mail of Paranoia {rN+ rCorr Int+4}
                  | (You found it on level 2 of the Elven Halls)
 32246 | Elf:2    | Found a runed translucent gate.
 32246 | Elf:2    | Found a runed translucent gate.
 32246 | Elf:2    | Found a runed translucent gate.
 33833 | Elf:3    | Entered Level 3 of the Elven Halls
 34015 | Elf:3    | Noticed a deep elf blademaster
 34016 | Elf:3    | Noticed a deep elf master archer
 34044 | Elf:3    | Killed a deep elf blademaster
 34105 | Elf:3    | Noticed an Ice Fiend
 34126 | Elf:3    | Killed a deep elf master archer
 34230 | Elf:3    | Identified the cursed ring "Xuanapnynn" {rElec rC+ MR++
                  | EV-2 Int-4}
 34548 | Elf:3    | Identified the +3 halberd "Betwoa Sesu" {drain, MR+ Str+3
                  | Dex+4}
 34550 | Elf:3    | Noticed a deep elf blademaster
 34572 | Elf:3    | Killed a deep elf blademaster
 34575 | Elf:3    | Noticed a deep elf master archer
 34603 | Elf:3    | Reached XP level 19. HP: 125/125 MP: 26/26
 34613 | Elf:3    | Noticed a Hell Sentinel
 34614 | Elf:3    | Identified the Grimoire of Earthen Feathers
 34803 | Elf:3    | Noticed a Tzitzimitl
 35346 | Elf:3    | Noticed an Ice Fiend
 35845 | Elf:3    | Identified the ring "Asamist" {MR+ Str+3 Int+5}
 36508 | Elf:3    | Got the uncursed plate armour of Hairiness {+Fly rElec
                  | rPois rF-}
 36511 | Elf:3    | Got the uncursed plate armour of the Echidna {rPois rN+
                  | MR-}
 36579 | Elf:3    | Reached skill level 1 in Shields
 36987 | Lair:1   | Identified the +3 plate armour of the Echidna {rPois rN+
                  | MR-} (You found it on level 3 of the Elven Halls)
 36997 | Lair:1   | Identified the +11 plate armour of Hairiness {+Fly rElec
                  | rPois rF-} (You found it on level 3 of the Elven Halls)
 37052 | Lair:1   | Identified the cursed +0 cloak of Nutriafi {rPois MR- Str-5
                  | Dex+8} (You found it on level 4 of the Shoals)
 37054 | Lair:1   | Identified the cursed +0 robe of Defiance {Stlth+} (You
                  | found it on level 1 of the Lair of Beasts)
 37062 | Lair:1   | Identified the +9 plate armour of Iwkuny {rPois Str-4 Int+7
                  | Dex+2} (You found it on level 3 of the Shoals)
 37161 | Spider:1 | Entered Level 1 of the Spider Nest
 37471 | Spider:1 | Got the whip of Wionetz {slash, MR+}
 39154 | Spider:1 | Identified the +7 whip of Wionetz {slash, MR+} (You found
                  | it on level 1 of the Spider Nest)
 40351 | Spider:3 | Noticed Mara
 40358 | Spider:3 | Noticed Borgoz's illusion
 40864 | Spider:3 | Noticed Borgoz's illusion
 40871 | Spider:3 | Killed Mara
 40871 | Spider:3 | Reached XP level 20. HP: 107/132 MP: 27/27
 41815 | Spider:4 | Entered Level 4 of the Spider Nest
 45136 | Spider:4 | Reached skill level 15 in Short Blades
 45722 | Spider:4 | Got a gossamer rune of Zot
 46202 | Vaults:1 | Entered Level 1 of the Vaults
 46296 | Vaults:1 | Found a ruined gateway.
 46365 | Desolati | Entered the Desolation of Salt
 46403 | Desolati | Reached skill level 5 in Shields
 46558 | Desolati | Identified the amulet "Paapydu" {Regen+ Str+4}
 46586 | Desolati | Identified the ring "Zieniaxtya" {rN+ MP+9 Int+3 Dex-3
                  | Slay+2}
 46952 | Desolati | Reached skill level 15 in Dodging
 46955 | Desolati | Identified the amulet of Qaukheofu {Acrobat +Blink rElec
                  | rC+}
 46960 | Desolati | Identified the ring of Idut {*Corrode *Slow rPois rF+
                  | rN+++}
 47090 | Desolati | Got the cursed chain mail of Retobuerucu {rElec rPois}
 48353 | Desolati | Got the quarterstaff of War {flame, *Contam MR+ Dex+4}
 49441 | Vaults:1 | Reached XP level 21. HP: 134/139 MP: 28/28
 49727 | Vaults:1 | Identified the Almanac of Excruciating Cold
 49756 | Vaults:1 | Learned a level 3 spell: Regeneration
 50456 | Vaults:1 | Found Aruakouc's Armour Boutique.
 51185 | Vaults:2 | Reached skill level 10 in Hexes
 52537 | Vaults:2 | Found a staircase to the Crypt.
 53114 | Vaults:2 | Found Saujett's Assorted Antiques.
 53122 | Vaults:2 | Bought a scroll of teleportation for 60 gold pieces
 53122 | Vaults:2 | Bought a dazzling chain mail for 190 gold pieces
 53122 | Vaults:2 | Bought a scroll of remove curse for 60 gold pieces
 53122 | Vaults:2 | Bought a scroll of teleportation for 60 gold pieces
 53122 | Vaults:2 | Bought a scroll of teleportation for 60 gold pieces
 53132 | Vaults:2 | Identified the +4 chain mail "Gelunug" {rF+} (You bought it
                  | in a shop on level 2 of the Vaults)
 53145 | Vaults:2 | Found Meroog's Distillery.
 53163 | Vaults:2 | Bought 2 potions of heal wounds for 110 gold pieces
 53163 | Vaults:2 | Bought a potion of invisibility for 88 gold pieces
 53359 | Vaults:2 | Found Biad's General Store.
 54042 | Vaults:3 | Found Roptudac's Antique Armour Shop.
 54072 | Vaults:3 | Reached XP level 22. HP: 139/145 MP: 29/29
 54583 | Vaults:3 | Slain by a vault warden

Skill      XL: |  1  2  3  4  5  6  7  8  9 10 11 12 13 14 15 16 17 18 19 20 21 |
---------------+----------------------------------------------------------------+-----
Armour         | 1 2 3 4 5 7 8 10 11 12 13 14 15 16 17 | 17.5
Short Blades   | 3 4 5 6 8 9 10 11 12 13 14 15 16 | 16.3
Fighting       | 3 4 5 6 7 9 10 11 12 13 14 15 16 17 | 17.6
Dodging        | 3 4 5 6 7 8 9 10 11 12 13 14 15 | 15.9
Evocations     | 3 5 6 7 8 |  8.3
Stealth        | 2 5 7 9 10 | 10.0
Spellcasting   | 3 5 |  5.0
Hexes          | 4 6 7 8 9 10 | 10.0
Shields        | 3 6 7 |  7.9
Throwing       | |  1.7

Action                   |  1- 3 |  4- 6 |  7- 9 | 10-12 | 13-15 | 16-18 | 19-21 | 22-24 || total
-------------------------+-------+-------+-------+-------+-------+-------+-------+-------++-------
Melee: Rapier            |   140 |    36 |   129 |    83 |       |    15 |   253 |       ||   656
       Dagger            |       |   100 |   477 |   197 |       |       |       |       ||   774
       Quick blade       |       |       |       |   844 |  2707 |  2652 |  4066 |   232 || 10501
Throw: Throwing net      |     1 |     1 |     3 |     2 |     3 |     2 |     9 |     1 ||    22
       Tomahawk          |       |       |     2 |       |       |       |       |       ||     2
 Cast: Confusing Touch   |       |       |       |       |       |    18 |    56 |     2 ||    76
Invok: Curse Item        |       |       |       |     1 |       |       |       |       ||     1
 Abil: Evoke Berserk Rag |       |       |       |       |    12 |    11 |    18 |     3 ||    44
       Fly               |       |       |       |       |     1 |       |       |       ||     1
Evoke: Wand              |       |       |     2 |     1 |     2 |     2 |     4 |       ||    11
  Use: Scroll            |     8 |       |     4 |     9 |    10 |    10 |    20 |       ||    61
       Potion            |       |       |     1 |     1 |     4 |    17 |     9 |     4 ||    36
 Stab: Sleeping          |       |       |     1 |     3 |    24 |    24 |    27 |       ||    79
       Paralysed         |       |       |     2 |       |     3 |       |       |       ||     5
       Held in net/web   |       |       |       |     2 |     6 |     1 |     7 |     1 ||    17
       Distracted        |       |       |       |       |     4 |     5 |     3 |       ||    12
       Invisible         |       |       |       |       |       |    20 |    25 |       ||    45
       Confused          |       |       |       |       |       |    16 |    60 |     2 ||    78
       Fleeing           |       |       |       |       |       |       |     2 |       ||     2
  Eat: Chunk             |     3 |     3 |     9 |    21 |    34 |    34 |    51 |     3 ||   158
       Ration            |       |       |     1 |       |     5 |     2 |     9 |       ||    17
Armor: Leather armour    |    14 |       |   130 |       |       |       |       |       ||   144
       Ring mail         |    45 |    44 |    49 |       |       |   203 |   462 |    48 ||   851
       Chain mail        |       |       |   138 |   157 |       |       |       |       ||   295
       Troll leather arm |       |       |       |   134 |   428 |   441 |       |       ||  1003
       Plate armour      |       |       |       |       |       |       |   808 |       ||   808
       Scale mail        |       |       |       |       |       |       |    73 |       ||    73
Dodge: Dodged            |    74 |    79 |   345 |   445 |  1181 |  1408 |  2290 |   151 ||  5973
       Deflected         |       |       |       |       |       |       |    30 |     8 ||    38
Block: Shield            |       |       |       |       |       |       |   135 |       ||   135
